 Dungeon Crawl Stone Soup version 0.31-a0-542-gdc2a67831c (webtiles) character file.

Game seed: 4767268535630740740

27694 Gargoyl the Cleaver (level 13, -6/87 HPs)
             Began as a Gargoyle Berserker on Aug 14, 2023.
             Was a Priest of Trog.
             Engulfed by a cloud of flame (26 damage)
             ... in a volcano.
             The game lasted 00:17:39 (12762 turns).

Gargoyl the Cleaver (Gargoyle Berserker)           Turns: 12762, Time: 00:17:40

Health: -6/87      AC: 28    Str: 24    XL:     13   Next: 34%
Magic:  13/13      EV: 14    Int:  8    God:    Trog [***...]
Gold:   848        SH:  0    Dex: 11    Spells: 12/12 levels left

rFire   . . .        j - +1 hand axe (freeze)
rCold   . . .        (no shield)
rNeg    + . .        D - +0 acid dragon scales
rPois   ∞            v - +2 helmet {SInv}
rElec   +            c - +1 cloak
rCorr   +            (no gloves)
SInv    +            J - +0 pair of boots {Stlth+}
Will    ++...        (no amulet)
Stlth   +++          n - +4 ring of protection
HPRegen 0.34/turn    G - ring of willpower
MPRegen 0.13/turn

%: no passive effects
@: on berserk cooldown, slowed, very slow
A: sickness immunity, AC +9, negative energy resistance 1, electricity
resistance, torment resistance 1, petrification resistance, strong-willed 1
a: Renounce Religion, Berserk, Trog's Hand


You were in a volcano.
You worshipped Trog.
Trog was most pleased with you.
You visited 2 branches of the dungeon, and saw 15 of its levels.
You also visited: Volcano.

You collected 1193 gold pieces.
You spent 345 gold pieces at shops.

Inventory:

Hand Weapons
 a - a +1 hand axe of protection
 j - a +1 hand axe of freezing (weapon)
 t - a +0 flail of protection
 I - a +4 scimitar of flaming
Missiles
 m - 8 curare-tipped darts (quivered)
 q - 96 poisoned darts
Armour
 c - a +1 cloak (worn)
 u - the +2 pair of boots of Taiwnari {Dex+2}
   (You found it on level 5 of the Dungeon)

   Dex+2:     It affects your dexterity (+2).
 v - a +2 helmet of see invisible (worn)
 D - +0 acid dragon scales (worn)
 J - a +0 pair of boots of stealth (worn)
Jewellery
 n - a +4 ring of protection (left hand)
 G - a ring of willpower (right hand)
 H - a ring of protection from cold
Wands
 g - a wand of paralysis (30)
 k - a wand of polymorph (5)
 r - a wand of digging (8)
 x - a wand of roots (9)
 z - a wand of acid (6)
 C - a wand of flame (10)
Scrolls
 w - 7 scrolls of teleportation
 A - a scroll of enchant weapon
 B - a scroll of fog
 E - a scroll of identify
Potions
 b - 4 potions of might
 d - 5 potions of lignification
 e - a potion of berserk rage
 f - 3 potions of brilliance
 h - a potion of enlightenment {unknown}
 i - 2 potions of resistance
 l - 2 potions of heal wounds
 o - 2 potions of haste {unknown}
 p - a potion of cancellation
 s - 4 potions of curing {unknown}
 F - 2 potions of invisibility {unknown}


   Skills:
 + Level 12.4 Fighting
 - Level 14.0 Axes
 + Level 0.4 Throwing
 + Level 7.0 Armour
 + Level 8.8 Dodging
 + Level 4.4 Stealth
 + Level 1.0 Evocations


You had 12 spell levels left.
You didn't know any spells.
Your spell library was empty.

Dungeon Overview and Level Annotations

Branches:
Dungeon (14/15)            Temple (0/1) D:4            Lair (1/5) D:11
Volcano (1/1)
    Orc: D:9-12      Vaults: D:13-14

Altars:
Ashenzari
Cheibriados
Dithmenos
Makhleb
Okawaru
Qazlal
Ru
Trog
Wu Jian
Yredelemnul
The Shining One

Shops:
D:9 (!

Annotations:
Lair:1 2 transporters, Turbonekonecno's ghost, journeyman SpEn


Innate Abilities, Weirdness & Mutations

You are immune to sickness and miasma.
Your stone body is resilient. (AC +9)
You are immune to poison.
You resist negative energy. (rN+)
You are resistant to electric shocks. (rElec)
You are resistant to unholy torment.
You are immune to petrification.
You are strong-willed. (Will+)


Message History

You barely miss the fire elemental. The fire elemental closely misses you.
The efreet hits you but does no damage.
Unknown command.
You barely miss the efreet.
The efreet is lightly wounded.
You closely miss the fire elemental.
Unknown command.
You hit the efreet. You freeze the efreet.
The efreet is moderately wounded.
You slash the fire elemental! You freeze the fire elemental.
You destroy the fire elemental!
Trog accepts your kill.
Unknown command.
You hit the efreet. You freeze the efreet.
The efreet is heavily wounded.
The efreet hits you with a +0 scimitar of flaming.
The efreet burns you.
Unknown command.
You hit the efreet. You freeze the efreet.
The efreet is severely wounded.
Unknown command.
You hit the efreet. You freeze the efreet.
The efreet is almost dead.
The efreet gestures at you.
The fireball explodes!
The fireball engulfs you!!
The fireball engulfs the efreet.
The efreet completely resists.
Unknown command.
You slash the efreet! You freeze the efreet.
You kill the efreet!
Trog accepts your kill.
You hear a sizzling splash.
Unknown command.
You feel a strong urge to attack something.
You are no longer berserk.
You are exhausted.
You feel yourself slow down.
You are engulfed in blazing flames.
* * * LOW HITPOINT WARNING * * *
You are engulfed in blazing flames.
You die...

##).##≈.## ###.#.##
###'#'###
###§.###..###
###§.§§≈#≈≈≈..###
##..≈≈≈≈###≈☼≈☼..##
##.≈§≈≈.§###≈☼☼≈≈≈.#
#...§≈§.≈≈#≈≈≈☼≈☼☼.#
##...§≈≈≈≈#≈≈≈≈@☼.##
####..≈≈###≈☼☼☼###
###..###..###
###)#+## #..#°##
##.##≈°##
##.##≈≈≈.##
##.###≈≈≈≈.##
#...##°≈≈≈≈.#


There were no monsters in sight!

Vanquished Creatures
  Gastronok (Lair:1)
  Josephine (D:11)
  A centaur warrior (D:13)
  4 two-headed ogres
  Pikel (D:8)
  2 ugly things
  2 cyclopes (D:13)
  3 manticores
  An elephant (D:11)
  A toenail golem (Volcano)
  A molten gargoyle (Volcano)
  A cane toad (Lair:1)
  Psyche (D:11)
  A kobold demonologist (D:8)
  3 efreet (Volcano)
  3 komodo dragons
  A hornet (D:9)
  5 slime creatures (D:13)
  6 blink frogs (Lair:1)
  4 wraiths (D:11)
  A shadow (D:10)
  A wyvern (D:11)
  26 yaks
  5 fire elementals (Volcano)
  A basilisk (D:11)
  5 vampire mosquitoes
  A steam dragon (D:7)
  The ghost of Xpym the Shooter, an amateur HuHs (D:3)
  An acid dragon (D:10)
  7 water moccasins
  2 hell hounds (Lair:1)
  2 orc warriors (D:8)
  3 sky beasts
  3 black bears
  4 wolves (Lair:1)
  4 ogres
  A lemure (D:8)
  A phantom (D:5)
  4 centaurs
  15 kobold brigands
  Blork the orc (D:5)
  2 earth elementals (Volcano)
  2 scorpions (Lair:1)
  4 bullfrogs
  4 wights (D:7)
  2 jellies
  6 killer bees (D:9)
  An electric eel (D:8)
  A howler monkey (D:10)
  4 hounds
  4 orc priests
  2 iguanas
  8 orc wizards
  3 adders
  3 white imps
  3 worms
  2 dart slugs
  30 orcs
  6 endoplasms
  7 giant cockroaches
  7 goblins
  3 hobgoblins
  5 quokkas
  7 ball pythons
  4 bats
  2 frilled lizards (D:2)
  31 kobolds
  7 rats
292 creatures vanquished.

Vanquished Creatures (collateral kills)
  Lodul (D:11)
  2 lindwurms (Volcano)
  2 molten gargoyles (Volcano)
  7 ogres (D:11)
  An orc priest (D:6)
  A shadow imp (D:6)
  2 orcs (D:6)
16 creatures vanquished.

Grand Total: 308 creatures vanquished

Notes
Turn   | Place    | Note
-------+----------+-------------------------------------------
     0 | D:1      | Gargoyl the Gargoyle Berserker began the quest for the Orb.
     0 | D:1      | Reached XP level 1. HP: 14/14 MP: 1/1
   200 | D:1      | Reached skill level 3 in Axes
   200 | D:1      | Reached XP level 2. HP: 19/19 MP: 2/2
   805 | D:2      | Reached ** piety under Trog
   945 | D:2      | Reached XP level 3. HP: 23/23 MP: 3/3
  1485 | D:3      | Found a glowing golden altar of the Shining One.
  1489 | D:3      | Reached XP level 4. HP: 29/29 MP: 4/4
  1850 | D:3      | Found a runed translucent door.
  1850 | D:3      | Noticed Xpym's ghost (amateur HuHs)
  2111 | D:3      | Killed Xpym's ghost
  2112 | D:3      | Reached skill level 4 in Axes
  2112 | D:3      | Reached skill level 1 in Stealth
  2112 | D:3      | Reached XP level 5. HP: 33/33 MP: 5/5
  2147 | D:4      | Found an ornate altar of the Wu Jian Council.
  2158 | D:4      | Found a staircase to the Ecumenical Temple.
  2172 | D:4      | Noticed an ogre
  2179 | D:4      | Killed an ogre
  2180 | D:4      | Reached XP level 6. HP: 38/38 MP: 6/6
  2235 | D:4      | Found an iron altar of Okawaru.
  2239 | D:4      | Noticed a black bear
  2256 | D:4      | Killed a black bear
  2379 | D:4      | Found a stormy altar of Qazlal.
  2903 | D:5      | Entered Level 5 of the Dungeon
  2949 | D:5      | Reached skill level 5 in Axes
  2949 | D:5      | Reached XP level 7. HP: 43/44 MP: 7/7
  3017 | D:5      | Noticed Blork the orc
  3028 | D:5      | Reached skill level 5 in Fighting
  3031 | D:5      | Killed Blork the orc
  3041 | D:5      | Reached *** piety under Trog
  3044 | D:5      | Reached skill level 6 in Axes
  3139 | D:5      | Identified the +2 pair of boots of Taiwnari {Dex+2}
  3155 | D:5      | Reached XP level 8. HP: 49/49 MP: 8/8
  3577 | D:6      | Reached skill level 7 in Axes
  3711 | D:6      | Found a snail-covered altar of Cheibriados.
  4175 | D:6      | Found a shadowy altar of Dithmenos.
  4438 | D:7      | Reached skill level 8 in Axes
  4438 | D:7      | Reached skill level 5 in Armour
  4438 | D:7      | Reached XP level 9. HP: 46/56 MP: 9/9
  5048 | D:7      | Found a broken altar of Ashenzari.
  5122 | D:7      | Found a burning altar of Makhleb.
  5485 | D:8      | Noticed Pikel
  5511 | D:8      | Killed Pikel
  5512 | D:8      | Reached skill level 9 in Axes
  5613 | D:8      | Found a basalt altar of Yredelemnul.
  5675 | D:8      | Noticed a kobold demonologist
  5691 | D:8      | Killed a kobold demonologist
  5692 | D:8      | Reached XP level 10. HP: 63/63 MP: 10/10
  5696 | D:8      | Reached skill level 10 in Axes
  5701 | D:8      | Reached **** piety under Trog
  5807 | D:9      | Reached skill level 5 in Dodging
  5887 | D:9      | Found Joffiky's Distillery.
  5940 | D:9      | Bought 2 potions of heal wounds for 150 gold pieces
  5940 | D:9      | Bought a potion of heal wounds for 75 gold pieces
  5940 | D:9      | Bought a potion of mutation for 120 gold pieces
  5940 | D:9      | Gained mutation: You have a pair of small horns on your
                  | head. [potion of mutation]
  5940 | D:9      | Gained mutation: You are strong-willed. (Will+) [potion of
                  | mutation]
  5940 | D:9      | Lost mutation: You have a pair of small horns on your head.
                  | [potion of mutation]
  5999 | D:9      | Reached skill level 11 in Axes
  6121 | D:9      | Reached XP level 11. HP: 32/69 MP: 11/11
  6352 | D:8      | Noticed a two-headed ogre
  6367 | D:8      | Killed a two-headed ogre
  7179 | D:9      | Found a sacrificial altar of Ru.
  7210 | D:9      | Found Ekhlegocit's Weapon Shoppe.
  7688 | D:10     | Entered Level 10 of the Dungeon
  8021 | D:10     | Reached skill level 12 in Axes
  8428 | D:10     | Noticed a two-headed ogre
  8449 | D:10     | Killed a two-headed ogre
  8450 | D:10     | Reached skill level 1 in Evocations
  8798 | D:11     | Noticed Psyche
  8810 | D:11     | Killed Psyche
  8840 | D:11     | You fall into a shaft and drop 3 floors!
  8883 | D:13     | Noticed a green ugly thing
  8907 | D:13     | Killed a green ugly thing
  9082 | D:13     | Noticed a manticore
  9093 | D:13     | Killed a manticore
  9164 | D:13     | Noticed a cyclops
  9166 | D:13     | Noticed a cyclops
  9177 | D:13     | Killed a cyclops
  9183 | D:13     | Killed a cyclops
  9449 | D:13     | Noticed a centaur warrior
  9468 | D:13     | Killed a centaur warrior
  9469 | D:13     | Reached XP level 12. HP: 68/77 MP: 12/12
  9484 | D:13     | Reached skill level 10 in Fighting
  9488 | D:13     | Reached skill level 13 in Axes
  9631 | D:13     | Noticed a centaur warrior
  9774 | D:11     | Noticed Josephine
  9804 | D:11     | Killed Josephine
  9840 | D:11     | Reached ***** piety under Trog
 10003 | D:11     | HP: 4/118 [manticore (4)]
 10344 | D:11     | Noticed a two-headed ogre
 10354 | D:11     | Killed a two-headed ogre
 10367 | D:11     | Noticed Lodul
 10381 | D:11     | Killed Lodul
 10446 | D:11     | Found a staircase to the Lair.
 10471 | D:11     | Noticed a two-headed ogre
 10491 | D:11     | Killed a two-headed ogre
 10569 | D:11     | Found the +12 glaive of Prune {freeze, Prune}
 10952 | Lair:1   | Entered Level 1 of the Lair of Beasts
 10986 | Lair:1   | Reached skill level 14 in Axes
 11170 | Lair:1   | Noticed Gastronok
 11215 | Lair:1   | Killed Gastronok
 11216 | Lair:1   | Reached XP level 13. HP: 58/84 MP: 13/13
 11342 | Lair:1   | Found a transporter.
 11343 | Lair:1   | Found a bloodstained altar of Trog.
 11345 | Lair:1   | Noticed Turbonekonecno's ghost (journeyman SpEn)
 11350 | Lair:1   | Found a transporter.
 11621 | Lair:1   | Found a dark tunnel.
 11635 | Volcano  | Entered a volcano
 12762 | Volcano  | Engulfed by a cloud of flame

Illustrated notes

Levels and vault maps discovered:
D:1:      lightli_molten_gateway, layout_loops_cross,
          ebering_dispersal_statue_hall, minmay_surrounded
D:2:      minmay_angry_zag, layout_basic
D:3:      layout_basic, mainiacjoe_overflow_boulevard, gammafunk_ghost_grave
D:4:      layout_gridville, okawaru_trees_2, lemuel_crystal_altar,
          nicolae_qazlal_general_emergency, minmay_temple_entry_slanted
D:5:      layout_basic, nicolae_nh_ransacked_shop, uniq_blork_the_orc
D:6:      layout_gridville, kennysheep_little_box, kennysheep_slug_shrine,
          minmay_misc_feat_roman, chequers_serial_rivers_small_3, sigmund_army
D:7:      layout_basic, makhleb_blood_cavern_becter,
          mainiacjoe_overflow_cross_hatched
D:8:      layout_loops_ring, mainiacjoe_overflow_alcove_4, special_room
          [special_room_kobold], nicolae_kite_square_tiling_tiny, uniq_pikel
D:9:      layout_loops_ring, hangedman_ru_absence, serial_shops, shop_fountains,
          nicolae_take_the_stairs
D:10:     layout_loops_corners, due_unseen_surprise
D:11:     layout_long_grid, david_lair_generic, minmay_misc_feat_rows,
          chequers_serial_rivers_large_a, uniq_josephine, uniq_psyche,
          uniq_lodul
D:12:     minmay_blocky_corners, layout_rooms, david_orc_4,
          gammafunk_ghost_hydra_chop
D:13:     layout_basic
D:14:     minmay_ornate_pinched, layout_basic, erik_vaults_1, enter_trove_6,
          kennysheep_cross_bottleneck
Lair:1:   layout_regular_city, gammafunk_ghost_wrathful_warriors,
          enter_volcano_3, uniq_gastronok
Volcano:  volcano_aerie

Skill      XL: |  1  2  3  4  5  6  7  8  9 10 11 12 13 |
---------------+----------------------------------------+-----
Axes           | 3 4 5 6 8 9 11 12 14 | 14.0
Dodging        | 2 3 4 5 7 8 |  8.8
Fighting       | 4 5 6 7 8 9 11 12 | 12.4
Stealth        | 1 2 3 4 |  4.4
Armour         | 3 4 5 6 7 |  7.0
Evocations     | 1 |  1.0
Throwing       | |  0.4

Action                     |  1- 3 |  4- 6 |  7- 9 | 10-12 | 13-15 || total
---------------------------+-------+-------+-------+-------+-------++-------
  Melee: Hand axe          |   125 |   115 |   337 |   882 |   132 ||  1591
         Punch             |       |     2 |     6 |    21 |     6 ||    35
  Throw: Dart              |       |       |     1 |     3 |       ||     4
 Invoke: Berserk           |       |     2 |     8 |     8 |     6 ||    24
         Trog's Hand       |       |     2 |     2 |     5 |     5 ||    14
         Brothers in Arms  |       |       |       |     1 |     2 ||     3
  Evoke: Wand              |       |       |       |     1 |       ||     1
    Use: Scroll            |     2 |     5 |     6 |     7 |     1 ||    21
         Potion            |       |       |       |     2 |     3 ||     5
   Stab: Sleeping          |     3 |       |       |     1 |       ||     4
 Armour: Animal skin       |    68 |     1 |       |       |       ||    69
         Plate armour      |       |    93 |   207 |       |       ||   300
         Steam dragon scal |       |       |   105 |   248 |       ||   353
         Acid dragon scale |       |       |       |   198 |    56 ||   254
  Dodge: Dodged            |   103 |    42 |   179 |   517 |    65 ||   906

Table legend: (Time is in decaauts)
 A = Elapsed time spent in this place.
 B = Non-inter-level travel time spent in this place.
 C = Inter-level travel time spent in this place.
 D = Time resting spent in this place.
 E = Time spent auto-exploring this place.
 F = Levels seen in this place.
 G = Mean time per level.
                   A        B        C        D        E       F      G
               +--------+--------+--------+--------+--------+-----+--------+
         Total |  12634 |  12113 |    521 |    898 |   8194 |  16 |  789.6 |
       Dungeon |  10848 |  10327 |    521 |    180 |   7531 |  14 |  774.9 |
          Lair |    640 |    640 |      0 |      0 |    468 |   1 |  640.0 |
       Volcano |   1145 |   1145 |      0 |    718 |    195 |   1 | 1145.0 |
               +--------+--------+--------+--------+--------+-----+--------+

Top non-repeatable levels by time:
    D:11: 1232 daAuts
     D:9: 1210 daAuts
     D:7: 1159 daAuts
 Volcano: 1145 daAuts
    D:10: 1016 daAuts
     D:8: 931 daAuts
     D:6: 836 daAuts
     D:4: 783 daAuts
     D:2: 768 daAuts
    D:13: 744 daAuts
     D:1: 722 daAuts
     D:3: 669 daAuts
  Lair:1: 640 daAuts
     D:5: 622 daAuts
    D:12: 133 daAuts
